 Dungeon Crawl Stone Soup version 0.21-a0-633-g4c047d5 (webtiles) character file.

11 Alarkh the Charmwright (level 2, 15/22 HPs)
             Began as a Demonspawn Skald on Dec 28, 2017.
             Got out of the dungeon alive.
             The game lasted 00:00:33 (478 turns).

Alarkh the Charmwright (Demonspawn Skald)            Turns: 478, Time: 00:00:34

Health: 15/22      AC:  5    Str: 11    XL:     2   Next: 13%
Magic:  5/5        EV: 11    Int: 14    God:
Gold:   39         SH:  0    Dex: 12    Spells: 4/5 levels left

rFire    . . .     SeeInvis .   a - +0 falchion
rCold    . . .     Gourm    .   (no shield)
rNeg     . . .     Faith    .   b - +0 leather armour
rPois    .         Spirit   .   (no helmet)
rElec    .         Reflect  .   (no cloak)
rCorr    .         Harm     .   (no gloves)
MR       .....                  (no boots)
Stlth    +.........             (no amulet)
HPRegen  0.07/turn              (no ring)
MPRegen  0.09/turn              (no ring)

@: no status effects
A: thin metallic scales 1
a: no special abilities


You escaped.
You were not hungry.

You visited 1 branch of the dungeon, and saw 1 of its levels.

You collected 39 gold pieces.

Inventory:

Hand Weapons
 a - a +0 falchion (weapon)
Armour
 b - a +0 leather armour (worn)
Scrolls
 e - a scroll of identify {unknown}
Books
 c - a book of Battle

   Spells                             Type                      Level
   a - Infusion                       Charms                       1
   b - Shroud of Golubria             Charms/Translocation         2
   c - Song of Slaying                Charms                       2
   d - Spectral Weapon                Hexes/Charms                 3
   e - Regeneration                   Charms/Necromancy            3
Comestibles
 d - a ration
 f - a chunk of flesh


   Skills:
 - Level 2.0 Fighting
 + Level 2.6 Long Blades
 - Level 0.8 Armour
 - Level 1.7 Dodging
 - Level 2.0 Spellcasting
 - Level 2.6 Charms


You had 4 spell levels left.
You knew the following spells:

 Your Spells              Type           Power        Failure   Level  Hunger
a - Infusion              Chrm           #...         11%         1    ##.....


Dungeon Overview and Level Annotations

Branches:
Dungeon (1/15)

Altars:


Innate Abilities, Weirdness & Mutations

You are partially covered in thin metallic scales. (AC +2)


Message History

You are too injured to fight recklessly!
You hit the rat.
You kill the rat!
Things that are here:
a rat corpse; a leopard gecko corpse
Press: ? - help, v - describe, . - travel, g - get item A rat corpse.
There is something else lying underneath.
The floor.
Your magical infusion is running out.
f - a chunk of flesh You are no longer magically infusing your attacks.
Found 21 stones.
There is an open door here.
The red draconian roars!
The iron dragon roars deafeningly!
The black draconian roars!
There is a staircase leading out of the dungeon here.
Are you sure you want to leave the Dungeon?
This will make you lose the game!
You have escaped!

#### #######
^#X#######d#d#X#
####D#D#D########
...#######......##
##..............@#
^#####..........##
##^#D############
#####X#X#^#≈#^#
###########


You could see a tentacled monstrosity.

Vanquished Creatures
  A dart slug (D:1)
  A leopard gecko (D:1)
  A hobgoblin (D:1)
  A ball python (D:1)
  A bat (D:1)
  2 frilled lizards (D:1)
  A kobold (D:1)
  2 rats (D:1)
10 creatures vanquished.

Notes
Turn   | Place    | Note
-------+----------+-------------------------------------------
     0 | D:1      | Alarkh the Demonspawn Skald began the quest for the Orb.
     0 | D:1      | Reached XP level 1. HP: 16/16 MP: 3/3
     0 | D:1      | Noticed a tentacled monstrosity
     1 | D:1      | Noticed a black draconian
     4 | D:1      | Noticed a purple draconian
     6 | D:1      | Noticed a large abomination
     7 | D:1      | Noticed an ice dragon
     8 | D:1      | Noticed a large abomination
     9 | D:1      | Noticed a shadow dragon
    11 | D:1      | Noticed an iron dragon
    11 | D:1      | Noticed a shadow dragon
    13 | D:1      | Noticed a tentacled monstrosity
    15 | D:1      | Noticed a large abomination
    17 | D:1      | Noticed a tentacled monstrosity
    19 | D:1      | Noticed a large abomination
    19 | D:1      | Noticed a red draconian
   410 | D:1      | Gained mutation: You are partially covered in thin metallic scales. (AC +2) [demonic ancestry]
   410 | D:1      | Reached XP level 2. HP: 18/22 MP: 5/5
   478 | D:$      | Got out of the dungeon alive.

Vault maps used:
D:1:      shiori_arrival_whats_in_store_for_you, serial_park_tiny_pond

Skill      XL: |  1 |
---------------+----+-----
Long Blades    | 2 |  2.6
Fighting       | |  2.0
Armour         | |  0.8
Dodging        | |  1.7
Spellcasting   | |  2.0
Charms         | |  2.6

Action                   || total
-------------------------++-------
Melee: Falchion          ||    21
 Cast: Infusion          ||     5
Armor: Leather armour    ||     4
Dodge: Dodged            ||    10
       Rpst.: Falchion   ||     1

Table legend:
 A = Spawn XP
 B = Non-spawn XP
 C = Spawn XP percentage of total XP
 D = Spawn monster count
 E = Non-spawn monster count
 F = Spawn count percentage of total count
 G = Total turns spent on level
                    A         B        C        D         E        F      G
               +---------+---------+-------+---------+---------+-------+---------
         Total |       0 |      16 |   0.0 |       0 |      10 |   0.0 |   478
               +---------+---------+-------+---------+---------+-------+---------
           D:1 |       0 |      16 |   0.0 |       0 |      10 |   0.0 |   478
               +---------+---------+-------+---------+---------+-------+---------
